[ AOE2 MATCH · #478843310 ]
Team RMMalians vs Persians
[ REPLAY ANALYSIS · EXTRACTED FROM THE RECORDED GAME ]
Feudal
—
Castle
—
Imperial
—
| APM avg | 15.1 |
| APM peak | 56 |
| eAPM avg | 12.9 |
| Villagers / military | 150 / 163 |
Focus
⚔️ 38.5% · 🌾 61.5%
Spearman ×77 · Gbeto ×41 · Scorpion ×32 · Trade Cart ×8 · Battering Ram ×7 · Trebuchet (Packed) ×6
Feudal
14:50
Castle
19:18
Imperial
34:35
| APM avg | 14.2 |
| APM peak | 33 |
| eAPM avg | 9.8 |
| Villagers / military | 110 / 320 |
Focus
⚔️ 31.5% · 🌾 68.5%
Archer ×156 · Spearman ×123 · Knight ×26 · War Elephant ×10 · Trade Cart ×5 · Fishing Ship ×5
Feudal
—
Castle
—
Imperial
—
| APM avg | 14.4 |
| APM peak | 46 |
| eAPM avg | 13.0 |
| Villagers / military | 92 / 186 |
Focus
⚔️ 41.9% · 🌾 58.1%
Shrivamsha Rider ×80 · Chakram Thrower ×63 · Camel Scout ×37 · Trade Cart ×15 · Trebuchet (Packed) ×4 · Monk ×2
Feudal
12:54
Castle
17:32
Imperial
32:57
| APM avg | 29.1 |
| APM peak | 63 |
| eAPM avg | 18.4 |
| Villagers / military | 142 / 187 |
Focus
⚔️ 30.5% · 🌾 69.5%
Spearman ×122 · Camel Scout ×33 · Mangonel ×17 · Scorpion ×13 · Trade Cart ×6 · Monk ×1
Match map
Resources at game start + every placement click. Thick line = wall · dashed box = detected house wall. 🟡 gold · ⚪ stone · 🟢 berries · 🔶 boar · ⭕ relic
Inputs per minute
— frizboum - - robi_1985
Build order — frizboum
First 150 of 492 actions detected
| 0:04 | Create | Villager (Male) |
| 0:11 | Build | House |
| 0:13 | Build | House |
| 0:32 | Research | Loom |
| 0:32 | Create | Villager (Male) |
| 0:32 | Create | Villager (Male) |
| 0:33 | Create | Villager (Male) |
| 1:03 | Build | Palisade Wall |
| 1:09 | Build | Building 804 |
| 2:22 | Create | Villager (Male) |
| 2:45 | Build | Lumber Camp |
| 2:59 | Create | Villager (Male) |
| 3:26 | Create | Villager (Male) |
| 3:56 | Create | Villager (Male) |
| 3:56 | Create | Villager (Male) |
| 4:28 | Build | House |
| 4:29 | Build | House |
| 4:30 | Build | House |
| 4:35 | Create | Villager (Male) |
| 4:35 | Create | Villager (Male) |
| 4:55 | Create | Villager (Male) |
| 5:23 | Create | Villager (Male) |
| 5:27 | Create | Villager (Male) |
| 6:10 | Build | Palisade Gate |
| 6:15 | Create | Villager (Male) |
| 6:29 | Create | Villager (Male) |
| 6:30 | Create | Villager (Male) |
| 7:13 | Create | Villager (Male) |
| 7:48 | Build | Mill |
| 7:58 | Build | Mill |
| 8:32 | Create | Villager (Male) |
| 8:32 | Create | Villager (Male) |
| 8:33 | Create | Villager (Male) |
| 8:58 | Create | Villager (Male) |
| 9:31 | Create | Villager (Male) |
| 9:46 | Create | Villager (Male) |
| 9:47 | Create | Villager (Male) |
| 9:47 | Create | Villager (Male) |
| 10:07 | Create | Villager (Male) |
| 10:07 | Create | Villager (Male) |
| 11:07 | Build | Mining Camp |
| 11:25 | Build | Mining Camp |
| 11:35 | Research | Feudal Age |
| 11:58 | Build | House |
| 12:00 | Build | House |
| 12:01 | Build | House |
| 12:02 | Build | House |
| 12:04 | Build | House |
| 12:40 | Build | Lumber Camp |
| 12:56 | Build | Mill |
| 13:10 | Create | Villager (Male) |
| 13:10 | Create | Villager (Male) |
| 13:11 | Create | Villager (Male) |
| 14:07 | Build | Farm |
| 14:10 | Create | Villager (Male) |
| 14:36 | Build | Market |
| 14:45 | Build | Blacksmith |
| 14:56 | Research | Double-Bit Axe |
| 15:08 | Build | Watch Tower |
| 15:19 | Build | Stone Wall |
| 15:23 | Build | Building 673 |
| 15:26 | Create | Villager (Male) |
| 15:26 | Create | Villager (Male) |
| 15:57 | Build | Watch Tower |
| 16:04 | Research | Fletching |
| 16:07 | Create | Villager (Male) |
| 16:42 | Build | Stone Wall |
| 16:47 | Build | Building 673 |
| 17:06 | Create | Villager (Male) |
| 17:54 | Research | Castle Age |
| 18:29 | Create | Villager (Male) |
| 18:31 | Research | Wheelbarrow |
| 18:32 | Create | Villager (Male) |
| 18:33 | Create | Villager (Male) |
| 19:02 | Build | Farm |
| 19:06 | Build | Farm |
| 19:09 | Build | Farm |
| 19:14 | Build | Farm |
| 19:22 | Build | Farm |
| 19:26 | Build | Farm |
| 19:27 | Build | Farm |
| 19:42 | Research | Horse Collar |
| 19:55 | Create | Villager (Male) |
| 20:03 | Build | Mining Camp |
| 20:40 | Build | Town Center |
| 20:48 | Research | Stone Mining |
| 20:50 | Create | Villager (Male) |
| 21:28 | Build | Stone Wall |
| 21:35 | Research | Heavy Plow |
| 22:03 | Create | Villager (Male) |
| 22:49 | Create | Villager (Male) |
| 22:49 | Create | Villager (Male) |
| 23:29 | Create | Villager (Male) |
| 23:29 | Create | Villager (Male) |
| 24:14 | Build | Castle |
| 24:22 | Create | Villager (Male) |
| 24:22 | Create | Villager (Male) |
| 24:25 | Create | Villager (Male) |
| 24:43 | Build | Stone Wall |
| 24:53 | Build | Farm |
| 25:01 | Build | Farm |
| 25:03 | Create | Villager (Male) |
| 25:04 | Create | Villager (Male) |
| 25:04 | Create | Villager (Male) |
| 25:16 | Build | Farm |
| 25:17 | Build | Farm |
| 25:19 | Build | Farm |
| 25:21 | Build | Farm |
| 25:31 | Build | Farm |
| 25:35 | Create | Villager (Male) |
| 25:46 | Build | Farm |
| 25:52 | Build | Farm |
| 25:54 | Create | Villager (Male) |
| 25:58 | Build | Farm |
| 26:04 | Create | Villager (Male) |
| 26:04 | Create | Villager (Male) |
| 26:15 | Create | Villager (Male) |
| 26:27 | Build | Farm |
| 26:32 | Create | Villager (Male) |
| 26:32 | Create | Villager (Male) |
| 26:40 | Build | House |
| 26:41 | Build | House |
| 26:43 | Build | House |
| 26:44 | Build | House |
| 26:49 | Build | House |
| 26:50 | Build | House |
| 26:52 | Build | House |
| 26:53 | Build | House |
| 26:55 | Build | House |
| 26:56 | Build | House |
| 26:58 | Build | House |
| 26:59 | Build | House |
| 27:00 | Create | Villager (Male) |
| 27:01 | Create | Villager (Male) |
| 27:02 | Create | Villager (Male) |
| 27:02 | Create | Villager (Male) |
| 27:28 | Build | Siege Workshop |
| 27:33 | Build | Barracks |
| 27:35 | Build | Barracks |
| 27:39 | Create | Villager (Male) |
| 27:39 | Create | Villager (Male) |
| 27:40 | Create | Villager (Male) |
| 27:40 | Create | Villager (Male) |
| 27:48 | Create | Gbeto |
| 27:53 | Create | Villager (Male) |
| 28:05 | Build | University |
| 28:08 | Create | Villager (Male) |
| 28:10 | Create | Villager (Male) |
| 28:35 | Create | Battering Ram |
| 28:35 | Create | Battering Ram |
Build order — robi_1985
First 150 of 288 actions detected
| 0:03 | Create | Villager (Male) ×5 |
| 0:03 | Create | Villager (Male) ×5 |
| 0:09 | Build | House |
| 0:14 | Build | House |
| 1:28 | Build | Palisade Wall |
| 2:24 | Build | House |
| 2:38 | Create | Villager (Male) |
| 2:40 | Create | Villager (Male) |
| 3:16 | Create | Villager (Male) ×2 |
| 3:17 | Create | Villager (Male) ×2 |
| 3:59 | Create | Villager (Male) ×3 |
| 3:59 | Create | Villager (Male) ×3 |
| 4:51 | Build | House |
| 4:54 | Build | House |
| 5:26 | Create | Villager (Male) ×3 |
| 6:12 | Build | Lumber Camp |
| 6:21 | Build | House |
| 6:23 | Build | House |
| 6:54 | Create | Villager (Male) ×5 |
| 7:20 | Build | Mining Camp |
| 8:14 | Build | Mill |
| 8:18 | Create | Villager (Male) |
| 8:18 | Create | Villager (Male) |
| 8:19 | Create | Villager (Male) |
| 8:20 | Create | Villager (Male) |
| 9:54 | Build | Dock |
| 10:42 | Create | Villager (Male) |
| 11:26 | Build | Barracks |
| 11:59 | Build | Mill |
| 12:47 | Research | Feudal Age |
| 12:55 | Create | Fishing Ship ×5 |
| 13:59 | Create | Villager (Male) |
| 14:50 | Age | Feudal Age |
| 15:04 | Build | Market |
| 15:15 | Research | Loom |
| 15:22 | Build | Blacksmith |
| 15:59 | Build | Outpost |
| 16:43 | Build | Mining Camp |
| 16:53 | Research | Castle Age |
| 17:03 | Build | Mining Camp |
| 17:15 | Build | Fish Trap |
| 17:18 | Build | Fish Trap |
| 17:22 | Build | Fish Trap |
| 18:11 | Create | Villager (Male) |
| 18:11 | Create | Villager (Male) |
| 18:18 | Research | Double-Bit Axe |
| 18:25 | Research | Horse Collar |
| 19:18 | Age | Castle Age |
| 19:39 | Build | Town Center |
| 20:00 | Create | Villager (Male) |
| 20:00 | Create | Villager (Male) |
| 20:24 | Build | Fish Trap |
| 20:36 | Create | Villager (Male) |
| 20:36 | Create | Villager (Male) |
| 20:55 | Create | Villager (Male) |
| 20:55 | Create | Villager (Male) |
| 21:13 | Create | Villager (Male) |
| 21:13 | Create | Villager (Male) |
| 21:18 | Research | Bow Saw |
| 21:30 | Build | Fish Trap |
| 21:38 | Create | Villager (Male) |
| 21:39 | Create | Villager (Male) |
| 22:09 | Build | House |
| 22:11 | Build | House |
| 22:12 | Build | House |
| 22:16 | Build | House |
| 22:18 | Build | House |
| 22:22 | Build | House |
| 22:26 | Build | Farm |
| 22:29 | Create | Villager (Male) |
| 22:29 | Create | Villager (Male) |
| 23:21 | Build | Town Center |
| 23:27 | Build | Farm |
| 23:32 | Create | Villager (Male) |
| 23:32 | Create | Villager (Male) |
| 23:37 | Research | Wheelbarrow |
| 24:01 | Build | Farm |
| 24:04 | Create | Villager (Male) |
| 24:05 | Create | Villager (Male) |
| 24:14 | Build | Farm |
| 24:19 | Build | Farm |
| 24:23 | Build | Farm |
| 24:26 | Build | Farm |
| 24:47 | Build | Farm |
| 24:58 | Create | Villager (Male) ×4 |
| 25:33 | Build | Castle |
| 25:41 | Build | Farm |
| 25:45 | Build | Farm |
| 25:50 | Create | Villager (Male) ×4 |
| 26:09 | Create | Villager (Male) ×2 |
| 26:15 | Build | Farm |
| 26:18 | Build | Farm |
| 26:27 | Build | Farm |
| 26:32 | Create | Villager (Male) ×2 |
| 26:45 | Build | Siege Workshop |
| 26:49 | Build | Farm |
| 26:52 | Build | Farm |
| 27:05 | Build | Farm |
| 27:09 | Build | Farm |
| 27:15 | Create | Villager (Male) ×5 |
| 27:48 | Build | Farm |
| 27:56 | Build | Farm |
| 28:00 | Build | Farm |
| 28:03 | Create | Villager (Male) ×5 |
| 28:05 | Build | Farm |
| 28:11 | Build | Monastery |
| 28:15 | Build | Farm |
| 28:23 | Create | Villager (Male) ×5 |
| 28:33 | Build | Mining Camp |
| 28:35 | Create | Villager (Male) |
| 28:40 | Build | Farm |
| 28:58 | Build | Mill |
| 29:06 | Create | Villager (Male) ×5 |
| 29:10 | Create | Monk |
| 29:19 | Build | Farm |
| 29:23 | Build | Farm |
| 29:26 | Create | Villager (Male) ×4 |
| 29:36 | Build | Farm |
| 29:45 | Create | Trade Cart ×5 |
| 29:51 | Build | Farm |
| 29:54 | Create | Villager (Male) ×5 |
| 29:57 | Build | Farm |
| 30:03 | Build | Farm |
| 30:22 | Build | Farm |
| 30:30 | Build | Farm |
| 30:40 | Research | Town Watch |
| 30:49 | Build | Farm |
| 30:52 | Build | Farm |
| 30:57 | Build | Lumber Camp |
| 31:02 | Research | Heavy Plow |
| 31:14 | Build | University |
| 31:19 | Build | Blacksmith |
| 31:28 | Build | Lumber Camp |
| 31:49 | Research | Imperial Age |
| 32:05 | Research | Town Patrol |
| 32:08 | Create | Villager (Male) |
| 32:39 | Research | Ballistics |
| 32:40 | Research | Murder Holes |
| 32:53 | Research | Hand Cart |
| 32:55 | Create | Villager (Male) ×3 |
| 33:21 | Create | Villager (Male) ×5 |
| 33:36 | Build | House |
| 33:37 | Build | House |
| 33:40 | Build | House |
| 33:41 | Build | House |
| 33:43 | Build | House |
| 33:44 | Build | House |
| 33:45 | Build | House |
| 33:47 | Build | House |
| 33:48 | Build | House |
Build order — xSTR8xGASx
First 150 of 424 actions detected
| 0:01 | Create | Villager (Male) |
| 0:02 | Research | Loom |
| 0:02 | Create | Villager (Male) |
| 0:03 | Create | Villager (Male) |
| 0:13 | Build | Palisade Wall |
| 0:24 | Build | House |
| 0:37 | Build | Palisade Wall |
| 0:55 | Build | Mill |
| 1:05 | Build | Building 804 |
| 1:18 | Create | Villager (Male) |
| 2:53 | Create | Villager (Male) |
| 2:53 | Create | Villager (Male) |
| 3:42 | Create | Villager (Male) |
| 4:04 | Create | Villager (Male) |
| 4:50 | Build | House |
| 5:28 | Create | Villager (Male) |
| 5:28 | Create | Villager (Male) |
| 5:28 | Create | Villager (Male) |
| 6:14 | Create | Villager (Male) |
| 6:15 | Create | Villager (Male) |
| 6:15 | Create | Villager (Male) |
| 7:16 | Build | House |
| 7:56 | Build | Lumber Camp |
| 8:07 | Create | Villager (Male) |
| 8:07 | Create | Villager (Male) |
| 8:08 | Create | Villager (Male) |
| 9:27 | Research | Feudal Age |
| 11:00 | Build | Mining Camp |
| 11:42 | Create | Villager (Male) |
| 11:42 | Create | Villager (Male) |
| 11:43 | Create | Villager (Male) |
| 11:43 | Create | Villager (Male) |
| 11:43 | Create | Villager (Male) |
| 11:48 | Research | Double-Bit Axe |
| 11:58 | Build | House |
| 12:00 | Build | House |
| 12:45 | Build | Blacksmith |
| 12:48 | Build | House |
| 13:42 | Create | Villager (Male) |
| 13:43 | Create | Villager (Male) |
| 13:43 | Create | Villager (Male) |
| 13:53 | Build | Mill |
| 14:19 | Build | Mining Camp |
| 15:16 | Create | Villager (Male) |
| 15:17 | Create | Villager (Male) |
| 15:41 | Build | Market |
| 16:22 | Create | Villager (Male) |
| 17:12 | Create | Villager (Male) |
| 17:20 | Create | Villager (Male) |
| 18:09 | Research | Stone Mining |
| 18:18 | Build | Mining Camp |
| 18:22 | Research | Castle Age |
| 19:08 | Research | Horse Collar |
| 19:15 | Build | Farm |
| 19:16 | Build | Farm |
| 19:17 | Build | Farm |
| 19:17 | Build | Farm |
| 19:17 | Build | Farm |
| 19:18 | Build | Farm |
| 19:18 | Build | Farm |
| 19:19 | Build | Farm |
| 19:26 | Build | Farm |
| 19:28 | Build | Farm |
| 19:29 | Build | Farm |
| 19:31 | Build | Farm |
| 19:49 | Research | Gold Mining |
| 20:47 | Research | Scale Barding Armor |
| 20:47 | Research | Forging |
| 21:04 | Build | Town Center |
| 21:17 | Build | Castle |
| 21:25 | Create | Villager (Male) |
| 21:25 | Create | Villager (Male) |
| 21:25 | Create | Villager (Male) |
| 21:27 | Research | Wheelbarrow |
| 22:02 | Build | Town Center |
| 22:18 | Create | Villager (Male) |
| 22:18 | Create | Villager (Male) |
| 22:18 | Create | Villager (Male) |
| 22:25 | Create | Villager (Male) |
| 22:25 | Create | Villager (Male) |
| 22:56 | Create | Villager (Male) |
| 22:56 | Create | Villager (Male) |
| 23:01 | Create | Villager (Male) |
| 23:03 | Create | Villager (Male) |
| 23:13 | Build | Farm |
| 23:33 | Create | Villager (Male) |
| 23:34 | Create | Villager (Male) |
| 23:37 | Build | Farm |
| 23:42 | Build | Farm |
| 24:02 | Build | Farm |
| 24:05 | Build | Farm |
| 24:08 | Create | Villager (Male) |
| 24:09 | Create | Villager (Male) |
| 24:11 | Create | Villager (Male) |
| 24:12 | Create | Villager (Male) |
| 24:13 | Create | Villager (Male) |
| 24:13 | Create | Villager (Male) |
| 24:14 | Create | Villager (Male) |
| 24:43 | Build | Farm |
| 24:58 | Create | Villager (Male) |
| 24:59 | Create | Villager (Male) |
| 25:00 | Create | Villager (Male) |
| 25:02 | Create | Villager (Male) |
| 25:02 | Create | Villager (Male) |
| 25:18 | Build | Barracks |
| 25:21 | Create | Villager (Male) |
| 25:22 | Create | Villager (Male) |
| 25:30 | Build | Farm |
| 25:40 | Build | Farm |
| 25:47 | Research | Bow Saw |
| 25:50 | Build | Farm |
| 25:53 | Research | Heavy Plow |
| 26:10 | Create | Villager (Male) |
| 26:10 | Create | Villager (Male) |
| 26:11 | Create | Villager (Male) |
| 26:12 | Create | Villager (Male) |
| 26:13 | Create | Villager (Male) |
| 26:20 | Build | Farm |
| 26:23 | Build | Farm |
| 26:30 | Build | Stable |
| 26:36 | Create | Villager (Male) |
| 26:37 | Create | Villager (Male) |
| 26:41 | Build | Farm |
| 26:45 | Build | Farm |
| 27:05 | Build | Farm |
| 27:07 | Create | Villager (Male) |
| 27:11 | Research | Hand Cart |
| 27:37 | Build | Farm |
| 27:52 | Build | University |
| 27:58 | Create | Villager (Male) |
| 27:58 | Create | Villager (Male) |
| 27:59 | Create | Villager (Male) |
| 28:01 | Build | House |
| 28:02 | Build | House |
| 28:02 | Build | House |
| 28:02 | Build | House |
| 28:03 | Build | House |
| 28:05 | Build | House |
| 28:12 | Build | House |
| 28:32 | Research | Kshatriyas |
| 28:47 | Create | Villager (Male) |
| 28:47 | Create | Villager (Male) |
| 28:48 | Create | Villager (Male) |
| 28:50 | Create | Villager (Male) |
| 28:50 | Create | Villager (Male) |
| 28:50 | Create | Villager (Male) |
| 29:08 | Research | Gold Shaft Mining |
| 29:18 | Build | Castle |
| 29:30 | Create | Villager (Male) |
| 29:30 | Create | Villager (Male) |
Build order — BattlePuli
First 150 of 409 actions detected
| 0:04 | Build | House |
| 0:06 | Build | House |
| 0:06 | Create | Villager (Male) |
| 0:06 | Create | Villager (Male) |
| 0:31 | Create | Villager (Male) |
| 0:32 | Create | Villager (Male) |
| 1:04 | Research | Loom |
| 1:19 | Create | Villager (Male) |
| 1:38 | Build | Palisade Wall |
| 2:03 | Create | Villager (Male) |
| 2:10 | Create | Villager (Male) |
| 2:57 | Create | Villager (Male) |
| 3:05 | Create | Villager (Male) |
| 3:25 | Build | Lumber Camp |
| 3:29 | Create | Villager (Male) |
| 4:07 | Build | Palisade Wall |
| 4:08 | Build | Palisade Wall |
| 4:12 | Create | Villager (Male) |
| 4:23 | Build | House |
| 4:26 | Create | Villager (Male) |
| 5:27 | Create | Villager (Male) |
| 5:27 | Create | Villager (Male) |
| 5:41 | Build | Palisade Wall |
| 5:55 | Create | Villager (Male) |
| 6:01 | Build | Mill |
| 6:28 | Build | Lumber Camp |
| 6:32 | Create | Villager (Male) |
| 6:52 | Create | Villager (Male) |
| 7:15 | Create | Villager (Male) |
| 7:15 | Create | Villager (Male) |
| 7:27 | Create | Villager (Male) |
| 7:33 | Build | House |
| 8:03 | Create | Villager (Male) |
| 8:21 | Build | Mill |
| 8:27 | Build | House |
| 9:00 | Create | Villager (Male) |
| 9:20 | Create | Villager (Male) |
| 9:25 | Build | Mill |
| 9:47 | Build | House |
| 10:19 | Create | Villager (Male) |
| 10:24 | Create | Villager (Male) |
| 10:25 | Create | Villager (Male) |
| 10:35 | Research | Feudal Age |
| 10:45 | Build | Mining Camp |
| 12:09 | Create | Villager (Male) |
| 12:54 | Age | Feudal Age |
| 13:02 | Create | Villager (Male) |
| 13:17 | Build | Market |
| 13:38 | Build | Blacksmith |
| 13:47 | Create | Villager (Male) |
| 14:26 | Build | House |
| 14:31 | Build | House |
| 14:52 | Research | Castle Age |
| 15:06 | Build | House |
| 15:44 | Build | Farm |
| 15:47 | Research | Horse Collar |
| 15:49 | Build | Farm |
| 15:52 | Build | Farm |
| 15:57 | Build | Farm |
| 16:26 | Build | Farm |
| 16:28 | Build | Farm |
| 16:31 | Build | Farm |
| 16:44 | Research | Gold Mining |
| 16:50 | Research | Double-Bit Axe |
| 17:19 | Create | Villager (Male) |
| 17:32 | Age | Castle Age |
| 17:47 | Research | Heavy Plow |
| 17:49 | Create | Villager (Male) |
| 18:15 | Build | Town Center |
| 18:35 | Build | Farm |
| 19:37 | Create | Villager (Male) |
| 19:37 | Create | Villager (Male) |
| 19:47 | Build | Farm |
| 19:54 | Build | Farm |
| 20:01 | Build | Farm |
| 20:37 | Create | Villager (Male) |
| 20:37 | Create | Villager (Male) |
| 20:47 | Create | Villager (Male) |
| 21:05 | Build | Town Center |
| 21:13 | Create | Villager (Male) |
| 21:14 | Create | Villager (Male) |
| 21:21 | Create | Villager (Male) |
| 21:25 | Research | Bow Saw |
| 21:31 | Create | Villager (Male) |
| 21:31 | Create | Villager (Male) |
| 21:36 | Create | Villager (Male) |
| 21:36 | Create | Villager (Male) |
| 22:03 | Build | Stone Wall |
| 22:04 | Build | Stone Wall |
| 22:25 | Create | Villager (Male) |
| 22:25 | Create | Villager (Male) |
| 22:25 | Create | Villager (Male) |
| 22:54 | Create | Villager (Male) |
| 22:54 | Create | Villager (Male) |
| 22:54 | Create | Villager (Male) |
| 22:55 | Create | Villager (Male) |
| 23:01 | Create | Villager (Male) |
| 23:01 | Create | Villager (Male) |
| 23:01 | Create | Villager (Male) |
| 23:07 | Build | Farm |
| 23:10 | Build | Farm |
| 23:15 | Build | Farm |
| 23:20 | Build | Farm |
| 23:22 | Create | Villager (Male) |
| 23:22 | Create | Villager (Male) |
| 23:22 | Create | Villager (Male) |
| 23:28 | Build | Farm |
| 23:30 | Create | Villager (Male) |
| 23:30 | Create | Villager (Male) |
| 23:33 | Build | Farm |
| 23:36 | Build | Farm |
| 23:38 | Create | Villager (Male) |
| 23:38 | Create | Villager (Male) |
| 23:45 | Create | Villager (Male) |
| 23:45 | Create | Villager (Male) |
| 23:50 | Build | Mill |
| 23:51 | Create | Villager (Male) |
| 23:52 | Create | Villager (Male) |
| 24:00 | Create | Villager (Male) |
| 24:00 | Create | Villager (Male) |
| 24:06 | Create | Villager (Male) |
| 24:06 | Create | Villager (Male) |
| 24:10 | Build | Farm |
| 24:13 | Build | Farm |
| 24:20 | Build | Farm |
| 24:23 | Build | Farm |
| 24:24 | Create | Villager (Male) |
| 24:24 | Create | Villager (Male) |
| 24:49 | Build | Farm |
| 24:52 | Build | Farm |
| 24:57 | Build | Farm |
| 25:00 | Build | Farm |
| 25:01 | Create | Villager (Male) |
| 25:02 | Create | Villager (Male) |
| 25:03 | Create | Villager (Male) |
| 25:03 | Create | Villager (Male) |
| 25:04 | Create | Villager (Male) |
| 25:09 | Build | Farm |
| 25:12 | Build | Farm |
| 25:15 | Build | Farm |
| 25:33 | Build | House |
| 25:35 | Create | Villager (Male) |
| 25:35 | Create | Villager (Male) |
| 25:42 | Research | Wheelbarrow |
| 25:49 | Research | Loom |
| 26:05 | Build | Mining Camp |
| 26:08 | Create | Villager (Male) |
| 26:16 | Build | Farm |
| 26:24 | Build | Farm |
| 26:39 | Create | Villager (Male) |
Match timeline
| 0:13 | xSTR8xGASx · wall_segment Palisade Wall x11 |
| 0:37 | xSTR8xGASx · wall_segment Palisade Wall x14 |
| 1:03 | frizboum · wall_segment Palisade Wall x12 |
| 1:28 | robi_1985 · wall_segment Palisade Wall x14 |
| 1:38 | BattlePuli · wall_segment Palisade Wall x9 |
| 4:07 | BattlePuli · wall_segment Palisade Wall x1 |
| 4:08 | BattlePuli · wall_segment Palisade Wall x1 |
| 5:41 | BattlePuli · wall_segment Palisade Wall x9 |
| 9:54 | robi_1985 · first_building Dock |
| 11:26 | robi_1985 · first_building Barracks |
| 12:54 | BattlePuli · age_up feudal |
| 14:50 | robi_1985 · age_up feudal |
| 15:19 | frizboum · wall_segment Stone Wall x13 |
| 16:42 | frizboum · wall_segment Stone Wall x10 |
| 17:32 | BattlePuli · age_up castle |
| 17:33 | frizboum · first_market_sell 100 wood |
| 18:05 | BattlePuli · first_market_buy 100 wood |
| 19:18 | robi_1985 · age_up castle |
| 21:17 | xSTR8xGASx · first_building Castle |
| 21:28 | frizboum · wall_segment Stone Wall x19 |
| 21:40 | xSTR8xGASx · first_market_buy 100 wood |
| 22:03 | BattlePuli · wall_segment Stone Wall x11 |
| 22:04 | BattlePuli · wall_segment Stone Wall x8 |
| 24:14 | frizboum · first_building Castle |
| 24:43 | frizboum · wall_segment Stone Wall x15 |
| 25:18 | xSTR8xGASx · first_building Barracks |
| 25:33 | robi_1985 · first_building Castle |
| 26:30 | xSTR8xGASx · first_building Stable |
| 26:45 | robi_1985 · first_building Siege Workshop |
| 27:28 | frizboum · first_building Siege Workshop |
| 27:33 | frizboum · first_building Barracks |
| 28:11 | robi_1985 · first_building Monastery |
| 28:34 | BattlePuli · first_building Monastery |
| 28:52 | frizboum · first_building Archery Range |
| 30:08 | BattlePuli · first_building Siege Workshop |
| 30:46 | BattlePuli · first_building Barracks |
| 30:57 | xSTR8xGASx · first_market_sell 100 wood |
| 31:31 | BattlePuli · first_building Stable |
| 32:16 | frizboum · wall_segment Stone Wall x7 |
| 32:38 | BattlePuli · first_building Castle |
| 32:57 | xSTR8xGASx · first_building Monastery |
| 32:57 | BattlePuli · age_up imperial |
| 34:09 | frizboum · wall_segment Stone Wall x10 |
| 34:29 | BattlePuli · first_building Archery Range |
| 34:35 | robi_1985 · age_up imperial |
| 35:02 | frizboum · first_market_buy 100 food |
| 36:58 | frizboum · wall_segment Stone Wall x3 |
| 37:05 | frizboum · wall_segment Stone Wall x17 |
| 37:36 | robi_1985 · first_building Stable |
| 38:31 | frizboum · wall_segment Stone Wall x14 |
| 38:42 | frizboum · wall_segment Stone Wall x16 |
| 39:01 | robi_1985 · first_building Archery Range |
| 39:39 | BattlePuli · first_market_sell 500 wood |
| 40:02 | frizboum · wall_segment Stone Wall x19 |
| 44:19 | frizboum · wall_segment Stone Wall x12 |
| 45:44 | frizboum · wall_segment Stone Wall x16 |
| 46:01 | frizboum · wall_segment Stone Wall x16 |
| 48:37 | BattlePuli · wall_segment Stone Wall x3 |
| 49:12 | frizboum · wall_segment Stone Wall x17 |
| 52:01 | BattlePuli · resign |
[ AI ANALYSIS · 1 CREDIT ]
What really happened in this match?
Wolo.gg analyzes every decision: build order, eco, micro, common mistakes by bracket. Personalized analysis on WhatsApp or Discord in 30 seconds.
Civ guide
Malians
Map guide
Black Forest
Perfil
Jugador #760708